 Dungeon Crawl Stone Soup version 0.28-a0-998-gb9e9c7b67e (webtiles) character file.

Game seed: 12497400952202042184

6840 oldriver the Thaumaturge (level 10, -1/72 (74) HPs)
             Began as a Red Draconian Conjurer on Dec 5, 2021.
             Was a Follower of Vehumet.
             Slain by a wight (2 damage)
             ... on level 2 of the Abyss.
             The game lasted 00:22:24 (14722 turns).

oldriver the Thaumaturge (Red Draconian Conjurer)  Turns: 14722, Time: 00:22:24

HP:   -1/72 (74)    AC:  7    Str: 16    XL:     10   Next: 77%
MP:   25/25         EV: 12    Int: 22    God:    Vehumet [*.....]
Gold: 522           SH:  5    Dex: 10    Spells: 15/31 levels left

rFire   + . .      SeeInvis .   b - +3 dagger (distort)
rCold   . . .      Faith    .   (no shield)
rNeg    . . .      Spirit   .   (armour unavailable)
rPois   +          Reflect  +   (helmet restricted)
rElec   .          Harm     .   (no cloak)
rCorr   .          Rampage  .   (no gloves)
Will    .....                   (no boots)
Stlth   ++........              l - amulet of reflection
HPRegen 0.22/turn               h - +6 ring of strength
MPRegen 0.19/turn               B - ring of poison resistance

@: lightly drained
A: breathe fire, AC +7, unfitting armour, fire resistance 1, cold-blooded
a: Breathe Fire, Renounce Religion


You were on level 2 of the Abyss.
You worshipped Vehumet.
Vehumet was aware of your devotion.
You visited 2 branches of the dungeon, and saw 11 of its levels.
You visited the Abyss 1 time.

You collected 522 gold pieces.

Inventory:

Hand Weapons
 b - a +3 dagger of distortion (weapon)
Jewellery
 h - a +6 ring of strength (left hand)
 l - an amulet of reflection (around neck)
 n - a ring of ice
 A - a ring of fire
 B - a ring of poison resistance (right hand)
Wands
 o - a wand of digging (1)
 q - a wand of flame (18)
 v - a wand of mindburst (30)
 E - a wand of acid (3)
Scrolls
 a - 6 scrolls of teleportation
 d - a scroll of noise
 f - a scroll of fog
 g - a scroll of fear
 p - a scroll of amnesia
 t - a scroll of brand weapon
 u - a scroll of silence
 w - 3 scrolls of identify
 y - a scroll of enchant weapon
 D - a scroll of magic mapping
Potions
 c - 3 potions of attraction
 e - 4 potions of curing
 i - 2 potions of mutation
 j - a potion of degeneration
 k - a potion of flight
 m - a potion of haste
 x - a potion of ambrosia
 C - a potion of lignification {unknown}


   Skills:
 + Level 2.7 Fighting
 - Level 1.0 Short Blades
 + Level 4.0 Dodging
 + Level 3.4 Stealth
 + Level 0.1 Shields
 * Level 11.4 Spellcasting
 + Level 7.7 Conjurations
 * Level 3.6 Hexes
 * Level 4.4 Translocations
 + Level 2.0 Earth Magic


You had 15 spell levels left.
You knew the following spells:

 Your Spells              Type           Power      Damage    Failure   Level
a - Magic Dart            Conj           100%       1d8       1%          1
b - Searing Ray           Conj           92%        2d7       1%          2
c - Iskenderun's Mystic   Conj/Tloc      39%        2d9       4%          4
d - Fulminant Prism       Conj/Hex       18%        3d11      4%          4
e - Stone Arrow           Conj/Erth      68%        3d11      1%          3
f - Passwall              Tmut/Erth      14%        N/A       5%          2

Your spell library contained the following spells:

 Spells                   Type           Power      Damage    Failure   Level
 Foxfire                  Conj/Fire      100%       2x1d9     1%          1
 Dazzling Flash           Conj/Hex       74%        N/A       1%          3
 Sandblast                Erth           42%        2d11      2%          1


Dungeon Overview and Level Annotations

Branches:
Dungeon (10/15)            Temple (1/1) D:7             Orc (0/2) D:9
   Lair: D:8-11

Altars:
Ashenzari
Cheibriados
Elyvilon
Fedhas
Gozag
Hepliaklqana
Kikubaaqudgha
Makhleb
Nemelex Xobeh
Okawaru
Ru
Sif Muna
Trog
Uskayaw
Vehumet
Wu Jian
Xom
Yredelemnul
Zin
The Shining One
Beogh

Shops:
D:3 (!:   D:6 ?

Annotations:
D:9 Erolcha
D:10 1 transporter, 3 runed translucent doors, SirDiesAlot's ghost, journeyman MiDe


Innate Abilities, Weirdness & Mutations

You can breathe blasts of fire.
Your fiery red scales are hard. (AC +7)
You cannot fit into any form of body armour.
Your flesh is heat resistant. (rF+)
You are cold-blooded and may be slowed by cold attacks.


Message History

* * * LOW HITPOINT WARNING * * *
It was a potion of berserk rage.
A red film seems to cover your vision as you go berserk!
You feel yourself moving faster!
You feel mighty! Something hits you!
* * * LOW HITPOINT WARNING * * *
You are too berserk!
You closely miss something.
You bump into the rock wall.
Something hits you!
* * * LOW HITPOINT WARNING * * *
You're too confused to move!
You feel a strong urge to attack something.
You feel less invigorated.
You feel less confused. Something hits you!
* * * LOW HITPOINT WARNING * * *
You feel your anger nearly subside.
You hear some strange, mumbled words.
You are cast into the Abyss!
This branch contains the abyssal rune of Zot.
Reactivating autopickup.
You are no longer berserk.
You are exhausted.
You feel yourself slow down.
You start resting.
You feel yourself speed up.
You start resting.
You recover from your berserk rage.
A small abomination comes into view.
A raiju comes into view.
The raiju barks!
You hear a bark! x2
A raiju comes into view. 2 wights come into view.
A wight is wielding a +1 battleaxe of flaming.
A wight is wielding a +2 dagger and wearing a +2 robe of positive energy.
The raiju barks!
A rakshasa comes into view. It is wielding a +0 long sword.
The rakshasa hits you with a +0 long sword!
* * * LOW HITPOINT WARNING * * *
The wight hits you with a +1 battleaxe of flaming!
* * * LOW HITPOINT WARNING * * *
You feel drained.
You die...

##. ## .. #. .z
.# . #.#. ###..#
#..§z###.##
#..#.@..#
#..h##R#.#
.....#.#.#...#
.## #...##.##
#.#.h..## ##
######...#..#
#..##.#.....#.#.
.#. ..#.... ....#
#..
.........##...#.#


You could see a rakshasa, a raiju and a wight.

Vanquished Creatures
  Pikel (D:7)
  Psyche (D:8)
  2 hornets
  Prince Ribbit (D:8)
  A meliai zombie (D:10)
  4 yaks (D:10)
  A wyvern (D:8)
  A wraith (D:10)
  2 steam dragons
  4 vampire mosquitoes (D:8)
  Edmund (D:6)
  Menkaure (D:6)
  Duvessa (D:6)
  A water moccasin (D:6)
  2 ice beasts
  6 orc warriors
  2 sky beasts
  2 ogres
  A necrophage (D:7)
  4 centaurs
  2 lemures
  2 kobold brigands
  A wyvern zombie (D:7)
  A bullfrog (D:7)
  A water moccasin zombie (D:7)
  Dowan (D:6)
  A water moccasin skeleton (D:4)
  5 killer bees (D:10)
  A howler monkey (D:9)
  2 centaur zombies
  7 orc priests
  4 hounds
  2 jellies
  5 iguanas
  3 orc wizards
  A killer bee zombie (D:6)
  2 hound zombies (D:5)
  5 adders
  A howler monkey skeleton (D:7)
  A white imp (D:6)
  An ufetubus (D:4)
  An adder skeleton (D:4)
  3 worms
  27 orcs
  6 endoplasms
  3 giant cockroaches
  5 goblins
  4 hobgoblins
  11 jackals
  2 quokkas (D:4)
  6 ball pythons
  7 bats
  A frilled lizard (D:1)
  20 kobolds
  8 rats
192 creatures vanquished.

Notes
Turn   | Place    | Note
-------+----------+-------------------------------------------
     0 | D:1      | oldriver the Draconian Conjurer began the quest for the
                  | Orb.
     0 | D:1      | Reached XP level 1. HP: 14/14 MP: 3/3
   516 | D:1      | Reached XP level 2. HP: 20/20 MP: 0/5
  1605 | D:1      | Reached XP level 3. HP: 27/27 MP: 1/7
  1722 | D:2      | Reached skill level 3 in Spellcasting
  2460 | D:2      | Reached XP level 4. HP: 34/34 MP: 3/9
  2645 | D:3      | Found Erghoukab's Distillery.
  2786 | D:3      | Found Jiek's Antique Weapon Emporium.
  2878 | D:3      | Found Unoysmal's Book Shoppe.
  3961 | D:4      | Reached skill level 4 in Spellcasting
  4108 | D:4      | Learned a level 2 spell: Searing Ray
  4218 | D:4      | Reached skill level 1 in Fighting
  4235 | D:4      | Reached XP level 5. HP: 40/40 MP: 6/11
  4418 | D:4      | Reached skill level 1 in Short Blades
  4418 | D:4      | Reached skill level 5 in Spellcasting
  5086 | D:4      | Reached XP level 6. HP: 47/47 MP: 9/14
  5593 | D:4      | Reached skill level 6 in Spellcasting
  5972 | D:5      | Entered Level 5 of the Dungeon
  5980 | D:5      | Found an opulent altar of Gozag.
  6190 | D:5      | Found an ancient bone altar of Kikubaaqudgha.
  6262 | D:5      | Your scales start taking on a fiery red colour.
  6262 | D:5      | Reached XP level 7. HP: 52/52 MP: 9/16
  6262 | D:5      | Gained mutation: Your flesh is heat resistant. (rF+) [Red
                  | Draconian growth]
  6725 | D:5      | Found a snail-covered altar of Cheibriados.
  6902 | D:6      | Noticed Menkaure
  6908 | D:6      | Killed Menkaure
  7067 | D:6      | Reached skill level 7 in Spellcasting
  7067 | D:6      | Reached skill level 5 in Conjurations
  7207 | D:6      | Found Penun's Magic Scroll Boutique.
  7509 | D:6      | Noticed Edmund
  7524 | D:6      | Killed Edmund
  7525 | D:6      | Reached XP level 8. HP: 38/59 MP: 1/19
  7753 | D:6      | Learned a level 4 spell: Iskenderun's Mystic Blast
  7758 | D:6      | Learned a level 4 spell: Fulminant Prism
  7912 | D:6      | Reached skill level 8 in Spellcasting
  8130 | D:6      | Noticed Duvessa
  8130 | D:6      | Noticed Dowan
  8144 | D:6      | Killed Dowan
  8151 | D:6      | Killed Duvessa
  8700 | D:6      | Found a hazy altar of Hepliaklqana.
  8704 | D:6      | Found a basalt altar of Yredelemnul.
  9600 | D:7      | Reached skill level 1 in Translocations
  9673 | D:7      | Noticed Pikel
  9788 | D:6      | Learned a level 3 spell: Stone Arrow
  9791 | D:6      | Learned a level 2 spell: Passwall
  9826 | D:7      | Reached XP level 9. HP: 61/67 MP: 14/21
  9880 | D:7      | Found a sacrificial altar of Ru.
  9899 | D:7      | Killed Pikel
  9900 | D:7      | Reached skill level 9 in Spellcasting
  9900 | D:7      | Reached skill level 1 in Hexes
 10087 | D:7      | Found a staircase to the Ecumenical Temple.
 10399 | Temple   | Entered the Ecumenical Temple
 10587 | Temple   | Became a worshipper of Vehumet
 10705 | D:8      | Noticed Prince Ribbit
 10714 | D:8      | Killed Prince Ribbit
 11056 | D:8      | Noticed Psyche
 11156 | D:8      | Killed Psyche
 11157 | D:8      | Reached skill level 10 in Spellcasting
 12015 | D:8      | Reached skill level 1 in Earth Magic
 12015 | D:8      | Reached XP level 10. HP: 54/74 MP: 11/24
 13514 | D:9      | Found a staircase to the Orcish Mines.
 13731 | D:10     | Entered Level 10 of the Dungeon
 13738 | D:10     | Found a broken altar of Ashenzari.
 13740 | D:10     | Noticed a deep elf zephyrmancer
 13741 | D:10     | Noticed a five-headed hydra
 13743 | D:10     | Noticed a boulder beetle
 13754 | D:10     | Found a transporter.
 14030 | D:10     | Reached * piety under Vehumet
 14030 | D:10     | Offered knowledge of Foxfire by Vehumet.
 14146 | D:10     | Reached skill level 11 in Spellcasting
 14420 | D:10     | Found a runed translucent gate.
 14420 | D:10     | Found a runed translucent gate.
 14420 | D:10     | Found a runed translucent gate.
 14428 | D:10     | Noticed SirDiesAlot's ghost (journeyman MiDe)
 14448 | D:10     | Noticed a two-headed ogre
 14628 | D:10     | Noticed Erolcha
 14660 | D:9      | Cast into level 2 of the Abyss (Erolcha)
 14721 | Abyss:2  | Noticed a rakshasa
 14722 | Abyss:2  | HP: 1/74 [wight (13)]
 14722 | Abyss:2  | Slain by a wight

Illustrated notes

Levels and vault maps discovered:
D:1:      dpeg_arrival_rhombus, layout_loops_ring, dk_noncrumbling_4,
          minmay_tromino_mix6
D:2:      layout_basic
D:3:      layout_basic, serial_shops, nicolae_diamond_shop,
          nicolae_shop_hallway_stairs, shop, chequers_serial_rivers_small_a,
          serial_park_tiny_2
D:4:      layout_layer_cave, minmay_surrounded
D:5:      layout_cave_pools, grunt_gozag_breadcrumbs, general_overflow_altar,
          mainiacjoe_overflow_catwalk
D:6:      layout_basic, minitemple, serial_shops, nicolae_shop_hallway_stairs,
          uniq_edmund, uniq_menkaure, uniq_duvessa
D:7:      layout_cave_pools, kennysheep_mini, minmay_temple_entry_mist,
          uniq_pikel
D:8:      layout_gridville, uniq_prince_ribbit1, uniq_psyche
D:9:      layout_cave_pools, david_orc_5
D:10:     minmay_octagon_keep, layout_cross, gammafunk_temple_overflow_arena,
          jmf_multi_god_temple2, gammafunk_ghost_spectres, uniq_erolcha
Temple:   nicolae_temple_figure_eight
Abyss:2:  base: D:8, evilmike_abyss_exit_chaos

Skill      XL: |  1  2  3  4  5  6  7  8  9 10 |
---------------+-------------------------------+-----
Spellcasting   | 3 4 5 6 7 8 10 11 | 11.4
Fighting       | 1 2 |  2.7
Short Blades   | 1 |  1.0
Stealth        | 2 3 |  3.4
Dodging        | 2 3 4 |  4.0
Conjurations   | 5 6 7 |  7.7
Translocations | 1 2 4 |  4.4
Hexes          | 2 3 |  3.6
Earth Magic    | 1 2 |  2.0
Shields        | |  0.1

Action                   |  1- 3 |  4- 6 |  7- 9 | 10-12 || total
-------------------------+-------+-------+-------+-------++-------
Melee: Unarmed           |     3 |       |       |       ||     3
       Dagger            |    17 |       |     4 |     1 ||    22
       Tailslap          |       |       |     1 |       ||     1
 Cast: Magic Dart        |    78 |   106 |   140 |    59 ||   383
       Searing Ray       |       |    12 |    51 |    10 ||    73
       Stone Arrow       |       |       |    26 |    40 ||    66
       Iskenderun's Myst |       |       |       |    20 ||    20
  Use: Scroll            |     6 |     2 |    11 |     1 ||    20
       Potion            |     2 |       |     3 |     4 ||     9
Armor: Skin              |    10 |     5 |    40 |    25 ||    80
Dodge: Dodged            |    18 |    32 |    54 |    53 ||   157
Block: Other             |       |       |       |     8 ||     8

Table legend: (Time is in decaauts)
 A = Elapsed time spent in this place.
 B = Non-inter-level travel time spent in this place.
 C = Inter-level travel time spent in this place.
 D = Time resting spent in this place.
 E = Time spent auto-exploring this place.
 F = Levels seen in this place.
 G = Mean time per level.
                   A        B        C        D        E       F      G
               +--------+--------+--------+--------+--------+-----+--------+
         Total |  14758 |  14368 |    390 |   5364 |   7430 |  12 | 1229.8 |
       Dungeon |  14427 |  14066 |    361 |   5300 |   7207 |  10 | 1442.7 |
        Temple |    252 |    224 |     28 |      0 |    223 |   1 |  252.0 |
         Abyss |     77 |     77 |      0 |     64 |      0 |   1 |   77.0 |
               +--------+--------+--------+--------+--------+-----+--------+

Top non-repeatable levels by time:
     D:6: 2263 daAuts
     D:4: 2024 daAuts
     D:9: 2018 daAuts
     D:1: 1687 daAuts
     D:8: 1644 daAuts
     D:3: 1346 daAuts
     D:7: 1266 daAuts
     D:5: 952 daAuts
     D:2: 915 daAuts
    D:10: 308 daAuts
  Temple: 252 daAuts
 Abyss:2: 77 daAuts
